 Dungeon Sprint DCSS version 0.16-a0-3761-g2321f2b (console) character file.

331 Monkaria the Grappler (level 6, 0/59 HPs)
             Began as a Troll Fighter on Jan 24, 2015.
             Succumbed to Sonja's curare-tipped needle
             ... in the Dungeon (Sprint I: "Red Sonja").
             The game lasted 00:01:25 (226 turns).

Monkaria the Grappler (Troll Fighter)                Turns: 226, Time: 00:01:26

Health: 0/59       AC:  7    Str: 32    XL:     6   Next: 26%
Magic:  3/3        EV:  7    Int:  4    God:
Gold:   278        SH:  9    Dex:  9    Spells: 0 memorised, 5 levels left

rFire  + . .     SeeInvis .       - Unarmed
rCold  . . .     Clarity  .     k - +2 robe {rF+}
rNeg   . . .     SustAb   .     c - +0 shield
rPois  .         Gourm    +     (helmet restricted)
rElec  .         Spirit   .     (no cloak)
rCorr  .         Warding  .     (gloves unavailable)
rMut   .         NoTele   +     (boots unavailable)
MR     .....                    (no amulet)
Stlth  +.........               (no ring)
                                (no ring)

@: mighty, lethally poisoned, short of breath, very slightly contaminated,
hasted and slowed, not resistant to hostile enchantments, very unstealthy
A: unfitting armour, claws 3, fast metabolism 3, gourmand, regeneration 2,
shaggy fur 1, tough skin 2
a: no special abilities


You were in the Dungeon.
You were very full.

You visited 1 branch You collected 297 gold pieces.
You spent 19 gold pieces at shops.

Inventory:

Armour
 c - a +0 shield (worn)
 k - a +2 robe of fire resistance (worn)
Scrolls
 j - a scroll of blinking
Potions
 h - 2 potions of magic
 i - a potion of berserk rage
Comestibles
 a - 2 meat rations


   Skills:
 - Level 2.4 Fighting
 - Level 2.4 Armour
 - Level 2.4 Shields
 + Level 13.0 Unarmed Combat


You had 5 spell levels left.
You didn't know any spells.

Dungeon Overview and Level Annotations

Branches:
Dungeon (1/1)

Altars:
Elyvilon
Gozag
Kikubaaqudgha
Makhleb
Nemelex Xobeh
Okawaru
Qazlal
Ru
Sif Muna
Trog
Vehumet
Xom
Yredelemnul
Zin
The Shining One

Shops:
D [

Annotations:
D Sonja


Innate Abilities, Weirdness & Mutations

You are too large for most types of armour.
You have claws for hands.
Your metabolism is lightning-fast.
You like to eat raw meat.
You heal very quickly.
You are covered in fur (AC +1).
You have very tough skin (AC +2).


Message History

Unknown command.
* * * LOW HITPOINT WARNING * * *
You feel sick.
Sonja shoots a curare-tipped needle.
The curare-tipped needle hits you.
You are more poisoned.
You have difficulty breathing.
* * * LOW HITPOINT WARNING * * *
You feel as though you will be slow longer.
You see here 2 curare-tipped needles.
* * * LOW HITPOINT WARNING * * *
You feel very sick.
There is an open door here.
* * * LOW HITPOINT WARNING * * *
You feel very sick.
You close the door.
* * * LOW HITPOINT WARNING * * *
You feel very sick.
Sonja opens the door.
You close the door.
You die...

################
#<.#..)..#..'..#
#..').#..').#..+
#..#####'#####'#
#..####..#...#K#
#..#__####.@##(#
#..#_..__##+#.(+
#⌠⌠#_.∩...÷.K._#
####_..._##_.#+#
#_____###'#
####### #.# $.$
$.$# ##.##


There were no monsters in sight!

Vanquished Creatures
  A yak (D)
  An ogre (D)
  Sigmund (D)
  A jelly (D)
  Ijyb (D)
5 creatures vanquished.

Notes
Turn   | Place    | Note
--------------------------------------------------------------
     0 | D        | Monkaria, the Troll Fighter, began the quest for the Orb.
     0 | D        | Reached XP level 1. HP: 22/22 MP: 1/1
     1 | D        | Noticed Ijyb
    16 | D        | Killed Ijyb
    16 | D        | Reached skill level 5 in Unarmed Combat
    16 | D        | Reached XP level 2. HP: 9/29 MP: 1/1
    59 | D        | Noticed an ogre
    63 | D        | Killed an ogre
    63 | D        | Reached skill level 9 in Unarmed Combat
    63 | D        | Reached XP level 3. HP: 24/36 MP: 2/2
    63 | D        | Reached XP level 4. HP: 29/44 MP: 2/2
    90 | D        | Noticed Sigmund
    96 | D        | Killed Sigmund
    96 | D        | Reached skill level 10 in Unarmed Combat
    96 | D        | Reached XP level 5. HP: 31/50 MP: 2/2
   150 | D        | Found a deep blue altar of Sif Muna.
   151 | D        | Noticed a jelly
   152 | D        | Found a radiant altar of Vehumet.
   155 | D        | Killed a jelly
   155 | D        | Reached skill level 11 in Unarmed Combat
   176 | D        | Found Vematem's Antique Armour Emporium.
   176 | D        | Found a white marble altar of Elyvilon.
   176 | D        | Found a stormy altar of Qazlal.
   176 | D        | Found a basalt altar of Yredelemnul.
   176 | D        | Found an iron altar of Okawaru.
   176 | D        | Found a sparkling altar of Nemelex Xobeh.
   176 | D        | Found a shimmering altar of Xom.
   176 | D        | Found an ancient bone altar of Kikubaaqudgha.
   176 | D        | Noticed a yak
   181 | D        | Killed a yak
   181 | D        | Reached skill level 13 in Unarmed Combat
   181 | D        | Reached XP level 6. HP: 54/59 MP: 3/3
   182 | D        | Found a burning altar of Makhleb.
   182 | D        | Found a sacrificial altar of Ru.
   182 | D        | Found a glowing golden altar of the Shining One.
   182 | D        | Found an opulent altar of Gozag.
   182 | D        | Found a glowing silver altar of Zin.
   190 | D        | Found a bloodstained altar of Trog.
   195 | D        | Bought a runed robe for 19 gold pieces
   211 | D        | Noticed Sonja
   225 | D        | HP: 2/59 [poisoned by Sonja (curare-tipped needle)]
   226 | D        | Succumbed to Sonja's curare-tipped needle

Action                   |  1- 3 |  4- 6 || total
-------------------------+-------+-------++-------
Melee: Unarmed           |    18 |    12 ||    30
  Use: Potion            |       |     4 ||     4
  Eat: Chunk             |       |     6 ||     6
